 Dungeon Crawl Stone Soup version 0.25-a0-1133-g93ebf739aa (webtiles) character file.

Game seed: 11829451023264472221, levelgen mode: classic

17481 Amnesiac the Markself (level 12, -3/68 HPs)
             Began as a Deep Elf Arcane Marksman on May 20, 2020.
             Was a High Priest of Okawaru.
             Slain by an orc warrior
             ... wielding a +0 battleaxe
              (19 damage)
             ... on level 1 of the Orcish Mines.
             The game lasted 00:42:13 (15829 turns).

Amnesiac the Markself (Deep Elf Arcane Marksman)   Turns: 15829, Time: 00:42:14

Health: -3/68      AC: 13    Str: 11    XL:     12   Next: 19%
Magic:  20/20      EV:  9    Int: 23    God:    Okawaru [*****.]
Gold:   879        SH:  0    Dex: 21    Spells: 9/19 levels left

rFire    + . .     SeeInvis +   a - +6 shortbow "Amnesiac's Death" {venom, *Drain rN+++ Int+3 SInv}
rCold    + + +     Gourm    .   (shield currently unavailable)
rNeg     + + +     Faith    +   W - +1 chain mail "Ris Baun" {rPois rC++ MP-9 Slay+6} (curse)
rPois    +         Spirit   .   p - +2 helmet
rElec    .         Reflect  .   O - scarf {rC+ rF+}
rCorr    .         Harm     .   (no gloves)
MR       +....                  q - +0 pair of boots {Stlth+}
Stlth    ..........             P - amulet of faith
HPRegen  0.21/turn              h - ring of magical power
MPRegen  0.17/turn              k - +6 ring of dexterity

@: no status effects
A: no striking features
a: Heroism, Finesse, Renounce Religion


You were on level 1 of the Orcish Mines.
You worshipped Okawaru.
Okawaru was extremely pleased with you.
You were not hungry.

You visited 3 branches of the dungeon, and saw 14 of its levels.

You collected 879 gold pieces.

Inventory:

Hand Weapons
 a - the +6 shortbow "Amnesiac's Death" (weapon) {venom, *Drain rN+++ Int+3 SInv}
   (You found it on level 7 of the Dungeon)

   It poisons the ammo it fires.
   It affects your intelligence (+3).
   It renders you almost immune to negative energy.
   It lets you see invisible.
   It causes draining when unequipped.
 s - the +5 scythe "Finisher" {speed, eviscerate}
   (You found it on level 10 of the Dungeon)

   Attacks with this weapon are significantly faster.
 w - a +5 dagger of freezing
 z - a +1 vorpal falchion
 A - a +1 mace of protection
 C - a +2 hand axe of flaming
 H - a +2 short sword of distortion
 T - the +7 falchion "Hutumm" {vamp, rElec rPois MR+ Str-4, unknown}
   (You found it on level 7 of the Dungeon)

   It inflicts no extra harm, but heals its wielder when it wounds a living foe.
   It affects your strength (-4).
   It insulates you from electricity.
   It protects you from poison.
   It affects your resistance to hostile enchantments.
 Y - a +5 demon trident of electrocution
Missiles
 d - 256 arrows (quivered)
 l - 57 poisoned darts
Armour
 p - a +2 helmet (worn)
 q - a +0 pair of boots of stealth (worn)
 u - +0 fire dragon scales
 O - a scarf of resistance (worn)
 W - the cursed +1 chain mail "Ris Baun" (worn) {rPois rC++ MP-9 Slay+6}
   (You found it on level 7 of the Dungeon)

   It affects your accuracy and damage with ranged weapons and melee attacks
   (+6).
   It greatly protects you from cold.
   It protects you from poison.
   It affects your magic capacity (-9).
   It has a curse placed upon it.
Jewellery
 c - an uncursed amulet of guardian spirit
 h - a ring of magical power (left hand)
 k - a +6 ring of dexterity (right hand)
 P - an amulet of faith (around neck)
Wands
 b - a wand of digging (5)
 y - a wand of flame (10)
 F - a wand of acid (4)
 G - a wand of polymorph (12)
 I - a wand of random effects (20)
Scrolls
 g - a scroll of magic mapping {!r}
 i - 9 scrolls of remove curse {!r}
 m - 4 scrolls of fear {!r}
 B - a scroll of teleportation {!r}
 M - 3 scrolls of fog {!r}
Potions
 e - 5 potions of flight {!q}
 o - a potion of brilliance {!q}
 r - 2 potions of curing {!q}
 t - 4 potions of berserk rage {!q}
 v - 3 potions of mutation {!q}
 x - 2 potions of resistance {!q}
 D - a potion of invisibility {!q, unknown}
 E - 4 potions of lignification {!q}
 K - a potion of stabbing {!q}
Miscellaneous
 j - a box of beasts
 J - a lightning rod (4/4)
Comestibles
 f - 17 rations
 n - 6 chunks of flesh


   Skills:
 - Level 5.0 Fighting
 - Level 15.0 Bows
 + Level 9.7 Dodging
 - Level 4.0 Spellcasting
 - Level 12.0 Hexes
 - Level 5.0 Evocations


You had 9 spell levels left.
You knew the following spells:

 Your Spells              Type           Power        Failure   Level  Hunger
b - Cause Fear            Hex            ######....   43%         4    ####...
c - Leda's Liquefaction   Hex/Erth       ####......   99%         4    ####...
e - Slow                  Hex            ######..     7%          2    #......

Your spell library contained the following spells:

 Spells                   Type           Power        Failure   Level  Hunger
 Corona                   Hex            ######.      4%          1    None
 Inner Flame              Hex/Fire       ####....     86%         3    ##.....
 Portal Projectile        Hex/Tloc       ####..       86%         3    ##.....
 Spectral Weapon          Hex/Chrm       ####....     86%         3    ##.....
 Infusion                 Chrm           #...         100%        1    None
 Summon Butterflies       Summ           #.......     100%        1    None
 Shroud of Golubria       Chrm/Tloc      #.....       100%        2    #......
 Song of Slaying          Chrm           #.......     100%        2    #......
 Call Canine Familiar     Summ           #.......     100%        3    ##.....
 Ozocubu's Armour         Chrm/Ice       #.......     100%        3    ##.....
 Summon Ice Beast         Ice/Summ       #.......     100%        4    ####...
 Summon Mana Viper        Hex/Summ       ####....     100%        5    ######.
 Summon Hydra             Summ           #.........   100%        7    #######


Dungeon Overview and Level Annotations

Branches:
Dungeon (11/15)            Temple (1/1) D:6            Lair (0/6) D:8
    Orc (2/2) D:9
    Elf: Orc:2

Altars:
Ashenzari
Cheibriados
Dithmenos
Elyvilon
Fedhas
Gozag
Hepliaklqana
Kikubaaqudgha
Makhleb
Nemelex Xobeh
Okawaru
Qazlal
Ru
Sif Muna
Trog
Uskayaw
Vehumet
Wu Jian
Xom
Yredelemnul
Zin
The Shining One

Shops:
D:11 =

Annotations:
D:5 exclusion: oklob plant


Message History

Press: ? - help, Shift-Dir - straight line, f - orc warrior
Aim: an orc warrior, wielding a +0 long sword and wearing a +0 plate armour (severely wounded, very poisoned)
You shoot an arrow. The arrow hits the orc warrior.
The orc warrior is severely wounded.
The orc warrior suddenly shouts, as Orcs often do.
The orc warrior barely misses you.
Firing (i - inventory. (/) - cycle)
d - 263 arrows (quivered)
Press: ? - help, Shift-Dir - straight line, f/p - orc warrior
Aim: an orc warrior, wielding a +0 long sword and wearing a +0 plate armour (severely wounded, poisoned)
You shoot an arrow.
The arrow closely misses the orc warrior.
The arrow barely misses the orc warrior.
The orc wizard hits you but does no damage.
Firing (i - inventory. (/) - cycle)
d - 262 arrows (quivered)
Press: ? - help, Shift-Dir - straight line, f/p - orc warrior
Aim: an orc warrior, wielding a +0 long sword and wearing a +0 plate armour (severely wounded, poisoned)
You shoot an arrow. The arrow hits the orc warrior!
You kill the orc warrior!
Okawaru accepts your kill.
The orc wizard hits you but does no damage.
Firing (i - inventory. (/) - cycle)
d - 261 arrows (quivered)
Press: ? - help, Shift-Dir - straight line, f - orc priest
Aim: an orc priest, wielding a -2 hand axe (heavily wounded, very poisoned)
You shoot an arrow. The arrow hits the orc!
You kill the orc!
Okawaru accepts your kill.
The orc wizard hits you with a +0 dagger.
* * * LOW HITPOINT WARNING * * *
Firing (i - inventory. (/) - cycle)
d - 260 arrows (quivered)
Press: ? - help, Shift-Dir - straight line, f/p - orc priest
Aim: an orc priest, wielding a -2 hand axe (heavily wounded, poisoned)
You shoot an arrow. The arrow hits the orc warrior!
The orc warrior is poisoned.
The orc warrior is moderately wounded.
The orc wizard hits you but does no damage.
Firing (i - inventory. (/) - cycle)
d - 259 arrows (quivered)
Press: ? - help, Shift-Dir - straight line, f - orc wizard
Aim: an orc wizard, wielding a +0 dagger and wearing a +0 robe (moderately wounded, fast, slightly transparent)
You shoot an arrow. The arrow hits the orc wizard!
The orc wizard is poisoned.
The orc wizard is almost dead.
The orc warrior barely misses you.
The orc wizard hits you with a +0 dagger.
* * * LOW HITPOINT WARNING * * *
Really quaff
r - 3 potions of curing {!q}?
You feel better.
You kill the orc wizard!
Okawaru accepts your kill. The orc warrior closely misses you.
Firing (i - inventory. (/) - cycle)
d - 258 arrows (quivered)
Press: ? - help, Shift-Dir - straight line, f - orc
Aim: an orc, wielding a -3 club and wearing a cursed +0 leather armour You shoot an arrow.
The arrow closely misses the orc.
The orc hits you but does no damage.
Firing (i - inventory. (/) - cycle)
d - 257 arrows (quivered)
Press: ? - help, Shift-Dir - straight line, f - orc priest, p - orc
Aim: an orc priest, wielding a -2 hand axe (severely wounded, poisoned)
You shoot an arrow. The arrow hits the orc warrior!
The orc warrior looks as sick as possible!
The orc warrior is severely wounded.
The orc priest calls down the wrath of Beogh upon you.
Beogh smites you!
* * * LOW HITPOINT WARNING * * *
The orc warrior hits you with a +0 battleaxe!!
You die...

#..........# (.
###....(.....#
##.####.#..(#.[...##
#...#...(.#####(...##
#.....(.# #......#
##.....(####....##
##...o.(##.)..##
##oo#.....####
##@#......#
####.)...# #..#....##
...##....#....#
#.......##....#
#.....(.###....#
###..(##) ###....
#..(. .( .##.# ...(..
... .. ##


You could see an orc warrior (extremely poisoned), an orc priest (poisoned) and
an orc.

Vanquished Creatures
  A fire dragon (D:10)
  3 hydras
  A two-headed ogre (D:8)
  An orc knight (Orc:1)
  2 ugly things
  An orc sorcerer (Orc:1)
  2 cyclopes
  A komodo dragon (D:11)
  4 trolls
  A merfolk (D:9)
  A hippogriff (D:9)
  6 wraiths (D:10)
  3 hungry ghosts
  5 yaks (D:9)
  Duvessa (D:6)
  An acid dragon (D:7)
  3 porcupines (D:8)
  11 orc warriors
  3 phantoms
  3 sky beasts
  4 black bears
  An ice beast (D:7)
  4 necrophages
  7 ogres
  4 centaurs
  9 bullfrogs
  4 big kobolds
  An elf zombie (D:11)
  5 scorpions
  Dowan (D:6)
  6 wights
  4 killer bees (D:10)
  3 howler monkeys
  A troll skeleton (D:11)
  2 human zombies (D:11)
  3 centaur zombies
  6 crimson imps
  A quasit (D:4)
  4 hounds
  3 jellies
  11 orc priests
  2 centaur skeletons (D:10)
  17 orc wizards
  A bullfrog skeleton (D:6)
  Jessica (D:2)
  An iguana (D:9)
  7 worker ants
  A killer bee zombie (D:8)
  An ogre zombie (D:11)
  2 hound skeletons
  A mummy (D:11)
  Robin (D:3)
  3 gnolls (D:10)
  7 adders
  3 shadow imps
  An ooze (D:5)
  2 adder skeletons
  An adder zombie (D:5)
  2 worms
  6 dart slugs
  6 leopard geckos
  59 orcs
  A giant cockroach (D:1)
  14 hobgoblins
  10 jackals
  14 kobolds
  2 quokkas
  4 ball pythons
  5 bats
  10 frilled lizards
  15 goblins
  A leopard gecko skeleton (D:6)
  A leopard gecko zombie (D:6)
  An orc zombie (D:11)
  10 rats
  3 fungi
  2 plants
356 creatures vanquished.

Vanquished Creatures (others)
  An iguana (D:11)
  6 fungi (D:8)
  6 toadstools (D:5)
13 creatures vanquished.

Grand Total: 369 creatures vanquished

Notes
Turn   | Place    | Note
-------+----------+-------------------------------------------
     0 | D:1      | Amnesiac the Deep Elf Arcane Marksman began the quest for
                  | the Orb.
     0 | D:1      | Reached XP level 1. HP: 11/11 MP: 5/5
   299 | D:1      | Reached skill level 3 in Bows
   330 | D:1      | Reached XP level 2. HP: 10/16 MP: 6/6
   334 | D:1      | Learned a level 2 spell: Slow
  1186 | D:2      | Noticed Jessica
  1191 | D:2      | Killed Jessica
  1191 | D:2      | Reached skill level 4 in Bows
  1191 | D:2      | Reached XP level 3. HP: 20/20 MP: 7/7
  1358 | D:2      | Reached XP level 4. HP: 22/24 MP: 8/8
  1444 | D:2      | Found a white marble altar of Elyvilon.
  1663 | D:2      | Reached skill level 5 in Bows
  1896 | D:2      | Found a shadowy altar of Dithmenos.
  2252 | D:3      | Reached skill level 1 in Fighting
  2319 | D:3      | Reached XP level 5. HP: 29/29 MP: 9/9
  2343 | D:3      | Found a burning altar of Makhleb.
  2404 | D:3      | Found a shimmering blue altar of Sif Muna.
  3021 | D:3      | Reached skill level 1 in Evocations
  3188 | D:3      | Found a hide-covered altar of Uskayaw.
  3292 | D:4      | Noticed Robin
  3293 | D:4      | Reached skill level 6 in Bows
  3306 | D:3      | Reached XP level 6. HP: 33/34 MP: 11/11
  3364 | D:3      | Killed Robin
  4339 | D:4      | Reached skill level 5 in Hexes
  4550 | D:5      | Entered Level 5 of the Dungeon
  4587 | D:4      | Reached XP level 7. HP: 33/38 MP: 12/12
  5096 | D:5      | Found a blossoming altar of Fedhas.
  5174 | D:5      | Reached skill level 7 in Bows
  5628 | D:5      | Reached XP level 8. HP: 31/43 MP: 13/13
  5643 | D:5      | Reached skill level 8 in Bows
  5643 | D:5      | Reached skill level 5 in Evocations
  6091 | D:5      | Noticed an oklob plant
  6174 | D:6      | Identified a paperback manual
  6743 | D:6      | Reached skill level 9 in Bows
  6934 | D:6      | Found an ornate altar of the Wu Jian Council.
  6995 | D:6      | Found a staircase to the Ecumenical Temple.
  7013 | D:6      | Noticed Dowan
  7015 | Temple   | Entered the Ecumenical Temple
  7095 | Temple   | Became a worshipper of Warmaster Okawaru
  7148 | D:6      | Killed Dowan
  7397 | D:6      | Found a radiant altar of Vehumet.
  7416 | D:6      | Found a burning altar of Makhleb.
  7455 | D:6      | Noticed Duvessa
  7486 | D:6      | Killed Duvessa
  7599 | D:6      | Learned a level 4 spell: Cause Fear
  7604 | D:6      | Learned a level 4 spell: Leda's Liquefaction
  7663 | D:6      | Reached skill level 10 in Bows
  7825 | D:7      | Reached XP level 9. HP: 43/47 MP: 14/14
  8009 | D:7      | Reached * piety under Okawaru
  8116 | D:7      | Noticed a green ugly thing
  8117 | D:7      | Noticed a troll
  8178 | D:6      | Killed a troll
  8305 | D:6      | Killed a green ugly thing
  8305 | D:6      | Reached skill level 11 in Bows
  8380 | D:7      | Noticed a four-headed hydra
  8415 | D:6      | Killed a four-headed hydra
  8415 | D:6      | Reached ** piety under Okawaru
  8415 | D:6      | Reached skill level 12 in Bows
  8415 | D:6      | Reached skill level 10 in Hexes
  8487 | D:7      | Noticed a cyclops
  8773 | D:7      | Reached *** piety under Okawaru
  8773 | D:7      | Reached XP level 10. HP: 37/52 MP: 13/15
  8989 | D:7      | Got a crude shortbow
  9003 | D:7      | Found a stormy altar of Qazlal.
  9079 | D:7      | Found a shimmering altar of Xom.
  9079 | D:7      | Found a sacrificial altar of Ru.
  9080 | D:7      | Found an ancient bone altar of Kikubaaqudgha.
  9440 | D:7      | Got an ichor-stained falchion
  9537 | D:7      | Killed a cyclops
  9560 | D:7      | Got a heavily runed chain mail
  9583 | D:7      | Identified the cursed +1 chain mail "Ris Baun" {rPois rC++
                  | MP-9 Slay+6} (You found it on level 7 of the Dungeon)
  9614 | D:7      | Identified the +6 shortbow "Amnesiac's Death" {venom,
                  | *Drain rN+++ Int+3 SInv} (You found it on level 7 of the
                  | Dungeon)
  9784 | D:8      | Received a gift from Okawaru
  9799 | D:8      | Reached skill level 13 in Bows
  9823 | D:8      | Found a staircase to the Lair.
  9848 | D:8      | Received a gift from Okawaru
  9914 | D:8      | Noticed a two-headed ogre
  9922 | D:8      | Killed a two-headed ogre
  9922 | D:8      | Reached **** piety under Okawaru
 10501 | D:9      | Found a basalt altar of Yredelemnul.
 10539 | D:9      | Received a gift from Okawaru
 10699 | D:9      | Reached skill level 14 in Bows
 11038 | D:9      | Found a staircase to the Orcish Mines.
 11147 | D:9      | Received a gift from Okawaru
 11149 | D:9      | Reached ***** piety under Okawaru
 11212 | D:9      | Reached XP level 11. HP: 44/57 MP: 17/17
 11480 | D:9      | Found a white marble altar of Elyvilon.
 12367 | D:10     | Entered Level 10 of the Dungeon
 12965 | D:10     | Received a gift from Okawaru
 13297 | D:10     | Found the +5 scythe "Finisher" {speed, eviscerate}
 13482 | D:10     | Noticed a fire dragon
 13511 | D:10     | Killed a fire dragon
 13511 | D:10     | Received a gift from Okawaru
 13760 | D:10     | Reached skill level 5 in Fighting
 14007 | D:11     | Found Jaasont's Jewellery Boutique.
 14027 | D:10     | Received a gift from Okawaru
 14589 | D:11     | Reached skill level 15 in Bows
 14794 | D:11     | Noticed an eight-headed hydra
 14851 | D:11     | Killed an eight-headed hydra
 14851 | D:11     | Reached skill level 5 in Dodging
 15008 | D:11     | Noticed a green ugly thing
 15017 | D:11     | Killed a green ugly thing
 15120 | D:11     | Noticed a five-headed hydra
 15128 | D:11     | Killed a five-headed hydra
 15156 | D:11     | Reached XP level 12. HP: 68/68 MP: 20/20
 15173 | D:11     | Found an ancient bone altar of Kikubaaqudgha.
 15536 | Orc:1    | Entered Level 1 of the Orcish Mines
 15721 | Orc:2    | Entered Level 2 of the Orcish Mines
 15829 | Orc:1    | Slain by an orc warrior

Illustrated notes

Levels and vault maps discovered:
D:1:      evilmike_arrival_crescent, layout_basic
D:2:      layout_basic, nicolae_overflow_hidden_temple, marbit_many_paths,
          minmay_misc_feat_pillars, uniq_jessica
D:3:      layout_rooms, led_sif_pool, overflow_temple_1_default, first_ration,
          makhleb_heckhound_becter
D:4:      layout_basic, uniq_robin
D:5:      layout_cave_pools, tgw_fedhas
D:6:      layout_loops_ring, grunt_temple_overflow_lords_of_destruction,
          old_standard_altar, minmay_temple_entry_stoned_glass, uniq_duvessa
D:7:      minmay_the_grid_plus [minmay_the_grid_doors, minmay_the_grid_spikes,
          minmay_the_grid_dragon_b, minmay_the_grid_mess,
          minmay_the_grid_prize_shrinking_boxes], layout_rooms,
          gammafunk_temple_overflow_claw, nicolae_qazlal_general_emergency
D:8:      layout_loops_ring, due_lair_maze_entry_diamond
D:9:      layout_loops_ring, yredelemnul_altar_generic, erik_orc_3, basic_altar,
          hangedman_fish_farm, minivault_4
D:10:     dragon1_lemuel, layout_small_grid, minmay_guarded_unrand_finisher
D:11:     layout_big_octagon, serial_shops, nicolae_shop_stone,
          lemuel_mausoleum_altar_kikubaaqudgha
Temple:   kb_temple_of_zot
Orc:1:    layout_diamond_mine
Orc:2:    st_orc_elflike, layout_diamond_mine, serial_shops,
          nicolae_shop_crystal, basic_altar

Skill      XL: |  1  2  3  4  5  6  7  8  9 10 11 12 |
---------------+-------------------------------------+-----
Bows           | 3 4 5 6 7 10 12 14 15 | 15.0
Fighting       | 1 2 5 |  5.0
Spellcasting   | 2 4 |  4.0
Evocations     | 2 3 4 5 |  5.0
Hexes          | 5 6 8 10 12 | 12.0
Dodging        | 7 9 |  9.7

Action                   |  1- 3 |  4- 6 |  7- 9 | 10-12 || total
-------------------------+-------+-------+-------+-------++-------
Melee: Mace              |       |    55 |    22 |       ||    77
       Dagger            |       |   124 |   163 |       ||   287
 Fire: Shortbow          |    76 |    19 |   359 |   674 ||  1128
       Hunting sling     |       |    61 |       |       ||    61
 Cast: Corona            |    27 |    60 |    65 |     5 ||   157
       Slow              |    22 |    21 |    65 |    28 ||   136
Evoke: Wand              |       |     2 |    11 |     4 ||    17
  Use: Scroll            |     5 |       |       |    18 ||    23
       Potion            |       |     2 |       |     7 ||     9
  Eat: Chunk             |     4 |    12 |    18 |    19 ||    53
       Ration            |       |       |       |     1 ||     1
Armor: Robe              |     8 |       |       |       ||     8
       Leather armour    |       |   105 |   102 |     1 ||   208
       Chain mail        |       |       |       |    94 ||    94
Dodge: Dodged            |    23 |   164 |   180 |    53 ||   420

Table legend:
 A = Non-vault XP
 B = Vault XP
 C = Vault XP percentage of total XP
 D = Non-vault monster count
 E = Vault monster count
 F = Vault count percentage of total count
                 A         B        C        D         E       F
            +---------+---------+-------+---------+---------+-------
      Total |   16708 |    8265 |  33.1 |     275 |      76 |  21.7
            +---------+---------+-------+---------+---------+-------
        D:1 |      34 |       0 |   0.0 |      18 |       0 |   0.0
        D:2 |      52 |      39 |  42.9 |      20 |       2 |   9.1
        D:3 |     228 |      71 |  23.7 |      38 |      10 |  20.8
        D:4 |     341 |       4 |   1.2 |       9 |       2 |  18.2
        D:5 |     869 |       0 |   0.0 |      22 |       0 |   0.0
        D:6 |     871 |    2119 |  70.9 |      22 |       6 |  21.4
        D:7 |    1072 |    1023 |  48.8 |      24 |       9 |  27.3
        D:8 |    1620 |     946 |  36.9 |      16 |      10 |  38.5
        D:9 |    1827 |    1043 |  36.3 |      15 |      18 |  54.5
       D:10 |    2098 |    2325 |  52.6 |      33 |       7 |  17.5
       D:11 |    5014 |     695 |  12.2 |      34 |      12 |  26.1
      Orc:1 |    2391 |       0 |   0.0 |      23 |       0 |   0.0
      Orc:2 |     291 |       0 |   0.0 |       1 |       0 |   0.0
            +---------+---------+-------+---------+---------+-------
